 Dungeon Crawl Stone Soup version 0.32-a0-136-gc02482bde3 (webtiles) character file.

Game seed: 14658430434471356255

2277 Ceno the Covert (level 9, -1/58 HPs)
             Began as an Octopode Shapeshifter on Feb 10, 2024.
             Was an Initiate of Gozag.
             Slain by a yak (15 damage)
             ... on level 8 of the Dungeon.
             The game lasted 00:19:26 (7985 turns).

Ceno the Covert (Octopode Shapeshifter)             Turns: 7985, Time: 00:19:27

Health: -1/58      AC:  1    Str: 13    XL:     9   Next: 39%
Magic:  9/9        EV: 15    Int: 12    God:    Gozag
Gold:   693        SH:  0    Dex: 16    Spells: 8/8 levels left

rFire   . .          .
                       - Unarmed
rCold   . . .        (no shield)
rNeg    . . .        (helmet currently unavailable)
rPois   .            (no amulet)
rElec   .            (no ring)
rCorr   .            (no ring)
SInv    .            (no ring)
Will    .....        (no ring)
Stlth   +++++        (no ring)
HPRegen 0.29/turn    (no ring)
MPRegen 0.11/turn    (no ring)
                     (no ring)

%: no passive effects
@: beast-form
A: beast (slay +3), almost no armour, amphibious, 8 rings, camouflage 1,
gelatinous body 1, (nimble swimmer 1), tentacles
a: Begin Untransformation, Renounce Religion, Potion Petition, Call Merchant,
Bribe Branch


You were on level 8 of the Dungeon.
You worshipped Gozag.
Gozag was pleased with you.
You were a hulking beast.
You visited 2 branches of the dungeon, and saw 10 of its levels.

You collected 731 gold pieces.
You paid 38 gold pieces to Gozag.

Inventory:

Missiles
 g - 50 stones (quivered)
 r - 3 throwing nets
 u - 2 darts of dispersal
 v - 20 poisoned darts
Jewellery
 A - a +4 ring of protection
Talismans
 b - a beast talisman
 c - a flux talisman
 x - a blade talisman
Wands
 y - a wand of acid (10)
Scrolls
 d - a scroll of torment {unknown}
 e - 3 scrolls of fear
 k - a scroll of poison
 n - 2 scrolls of revelation
 o - a scroll of vulnerability {unknown}
 p - a scroll of teleportation
 s - a scroll of fog {unknown}
Potions
 a - 2 potions of lignification
 f - a potion of enlightenment
 h - 2 potions of attraction
 i - 3 potions of haste
 j - 2 potions of heal wounds
 l - 3 potions of mutation
 m - a potion of degeneration
 q - a potion of resistance
 t - 2 potions of brilliance
 w - 7 potions of curing
 z - a potion of cancellation {unknown}


   Skills:
 + Level 4.2 Fighting
 + Level 4.6 Dodging
 - Level 8.0 Stealth
 + Level 7.0 Unarmed Combat
 + Level 6.5 Shapeshifting


You had 8 spell levels left.
You didn't know any spells.
Your spell library contained the following spells:

 Spells                   Type           Power      Damage    Failure   Level
 Searing Ray              Conj           0%         2d4       45%         2
 Volatile Blastmotes      Fire/Tloc      0%         2d10      69%         3
 Sticky Flame             Fire/Alch      0%         2d4       97%         4
 Iskenderun's Battlesphe  Conj           0%         2d6       100%        5


Dungeon Overview and Level Annotations

Branches:
Dungeon (9/15)             Temple (1/1) D:7
   Lair: D:8-11         Orc: D:9-12

Altars:
Ashenzari
Cheibriados
Dithmenos
Fedhas
Gozag
Kikubaaqudgha
Makhleb
Nemelex Xobeh
Okawaru
Ru
Uskayaw
Vehumet
Wu Jian
Xom
Yredelemnul

Shops:
D:4 :

Annotations:
D:4 exclusion: ogre
D:5 exclusion: 2 lemures, Edmund, Menkaure
D:7 exclusions: hound, two-headed ogre, 3 wights and yak, Maurice
D:8 exclusion: two-headed ogre


Innate Abilities, Weirdness & Mutations

You are a hulking beast.
Your limbs bulge with bestial killing power. (Slay +3)
You cannot wear most types of armour.
You are amphibious.
You can wear up to eight rings at the same time.
Your skin changes colour to match your surroundings (Stealth+).
Your rubbery body absorbs attacks. (AC +1, EV +1)
((You are camouflaged when in or above water. (Stealth+)))
You have tentacles for arms and can constrict up to eight enemies at once.


Message History

Your Unarmed Combat skill increases to level 7!
You start resting.
HP restored.
You now have 693 gold pieces (gained 19).
There is a stone staircase leading down here.
You climb downwards.
The yak gores you! The yak barely misses you.
The yak bellows!
There is a stone staircase leading up, spattered with blood here.
The yak gores you!
You hear a bellow!
You climb upwards.
Level annotation: exclusion: two-headed ogre
There is a stone staircase leading down here.
You tentacle-slap the yak.
The yak is lightly wounded.
The yak misses you.
You tentacle-slap the yak. You squeeze the yak.
The yak is moderately wounded.
The yak completely misses you.
You barely miss the yak. You squeeze the yak!
The yak is heavily wounded.
The yak gores you!
* * * LOW HITPOINT WARNING * * *
You barely miss the yak. You squeeze the yak.
The yak is heavily wounded.
The yak misses you.
You tentacle-slap the yak.
The yak is heavily wounded.
You tentacle-slap the yak.
The yak is heavily wounded.
The yak barely misses you.
You bludgeon the yak! You squeeze the yak.
The yak is almost dead.
The yak gores you.
* * * LOW HITPOINT WARNING * * *
You tentacle-slap the yak. You squeeze the yak.
The yak is almost dead.
The yak gores you!
You die...
Your body crumbles into a pile of gold.

######### ############
#.......# #..h....##.#
#.......# ##.Y........##
........# #............##
........# #..........##.#
........# #...........#.#
#......##
###...........### ##.....#
##.........)....#
##....###...............##
##...#..##..............#


You could see a yak.

Vanquished Creatures
  Maggie (D:7)
  A wyvern (D:8)
  3 yaks
  A water moccasin (D:7)
  A black bear (D:6)
  A centaur (D:8)
  A phantom (D:6)
  2 kobold brigands
  2 bullfrogs
  A scorpion (D:7)
  2 howler monkeys (D:6)
  4 hounds
  A bombardier beetle (D:6)
  3 orc priests
  A gnoll bouda (D:7)
  A sleepcap (D:8)
  3 orc wizards
  3 iguanas
  9 gnolls
  5 adders
  A shadow imp (D:7)
  A white imp (D:5)
  4 ribbon worms
  17 orcs
  11 endoplasms
  3 giant cockroaches
  12 goblins
  2 hobgoblins
  17 kobolds
  A quokka (D:2)
  9 ball pythons
  5 bats
  5 frilled lizards
  10 rats
144 creatures vanquished.

Notes
Turn   | Place    | Note
-------+----------+-------------------------------------------
     0 | D:1      | Ceno the Octopode Shapeshifter began the quest for the Orb.
     0 | D:1      | Reached XP level 1. HP: 13/13 MP: 1/1
    81 | D:1      | Reached skill level 1 in Stealth
   147 | D:1      | Reached XP level 2. HP: 15/18 MP: 2/2
   246 | D:1      | Reached skill level 2 in Stealth
   527 | D:1      | Reached XP level 3. HP: 23/23 MP: 3/3
   879 | D:2      | Found a shadowy altar of Dithmenos.
   985 | D:2      | Reached skill level 3 in Stealth
  1072 | D:2      | Got the Omnibus of the Ruinous Salamander
  1344 | D:2      | Reached XP level 4. HP: 23/28 MP: 4/4
  1679 | D:3      | Found a faded altar of an unknown god.
  1694 | D:3      | Reached skill level 4 in Stealth
  1916 | D:3      | Found a shimmering altar of Xom.
  1918 | D:3      | Found an opulent altar of Gozag.
  1959 | D:3      | Identified the +7 chain mail of the Storm King {*Slow rF+++
                  | rN++ Str-4}
  2128 | D:3      | Reached XP level 5. HP: 28/33 MP: 5/5
  2297 | D:3      | Reached skill level 5 in Stealth
  2680 | D:3      | Found a snail-covered altar of Cheibriados.
  2780 | D:4      | Reached XP level 6. HP: 38/38 MP: 6/6
  2805 | D:4      | Reached skill level 6 in Stealth
  3133 | D:4      | Found a blossoming altar of Fedhas.
  3311 | D:3      | Became a worshipper of Gozag Ym Sagoz the Greedy
  3324 | D:4      | Found Vycaill's Self-Improvement Boutique.
  3397 | D:5      | Entered Level 5 of the Dungeon
  3397 | D:5      | Found a broken altar of Ashenzari.
  3454 | D:5      | Noticed Edmund
  3494 | D:5      | Found a basalt altar of Yredelemnul.
  3516 | D:5      | Noticed Menkaure
  3772 | D:6      | Reached skill level 7 in Stealth
  3772 | D:6      | Reached XP level 7. HP: 27/43 MP: 7/7
  4160 | D:6      | Reached skill level 8 in Stealth
  4160 | D:6      | Reached skill level 5 in Unarmed Combat
  4296 | D:6      | Identified the +1 ring mail of Hepliaklqana's Hatred {-Tele
                  | rF++ Dex-3 Stlth+}
  4320 | D:6      | Reached skill level 5 in Shapeshifting
  4376 | D:5      | HP: 2/43 [gnoll/+0 club (5)]
  4519 | D:6      | Reached XP level 8. HP: 45/48 MP: 8/8
  4676 | D:6      | Found a radiant altar of Vehumet.
  4916 | D:6      | Noticed a yak
  4949 | D:7      | Noticed Maggie
  4961 | D:7      | Killed Maggie
  5303 | D:7      | Noticed Maurice
  5332 | D:7      | Noticed a yak
  5332 | D:7      | Noticed a two-headed ogre
  5393 | D:7      | Found a sparkling altar of Nemelex Xobeh.
  5531 | D:7      | Found a staircase to the Ecumenical Temple.
  6015 | D:8      | Noticed a wyvern
  6018 | D:8      | Killed a wyvern
  6086 | D:8      | Noticed a two-headed ogre
  6275 | D:7      | Reached XP level 9. HP: 20/57 MP: 9/9
  6279 | Temple   | Entered the Ecumenical Temple
  6953 | D:8      | Found a burning altar of Makhleb.
  7985 | D:8      | Slain by a yak

Illustrated notes

Levels and vault maps discovered:
D:1:      dpeg_arrival_pits, layout_loops_corners,
          minmay_misc_feat_four_crosses, minivault_14
D:2:      layout_basic, basic_altar
D:3:      layout_basic, nicolae_overflow_hidden_temple,
          hellmonk_ecumenical_altar_heavens_door
D:4:      layout_loops_corners, good_gods_temple_1, fedhas_altar_2,
          nicolae_shop_self_help
D:5:      layout_rooms, kennysheep_mini_moat, nicolae_ashenzari_skybound,
          hangedman_decor_push, grunt_ministairs_4, kennysheep_generic_room_15,
          uniq_menkaure, uniq_edmund, uniq_grinder, uniq_pikel
D:6:      layout_basic, marbit_many_paths
D:7:      kennysheep_big_flooded_room, layout_layer_cave,
          mainiacjoe_overflow_six_doors_small, minmay_temple_entry_from_below_a,
          amcnicky_mini_pool_small, uniq_maggie, uniq_maurice
D:8:      layout_cave_pods, kennysheep_mini, enter_bailey_4
D:9:      layout_loops_ring, mainiacjoe_overflow_boulevard, led_sif_pool
Temple:   nicolae_temple_ecumenical_triangle

Skill      XL: |  1  2  3  4  5  6  7  8  9 |
---------------+----------------------------+-----
Stealth        | 1 2 3 4 5 7 8 |  8.0
Unarmed Combat | 4 5 6 7 |  7.0
Shapeshifting  | 4 5 6 |  6.5
Fighting       | 3 4 |  4.2
Dodging        | 4 |  4.6

Action                     |  1- 3 |  4- 6 |  7- 9 || total
---------------------------+-------+-------+-------++-------
  Melee: Unarmed           |    77 |   117 |   134 ||   328
         Tentacles         |    13 |    23 |    45 ||    81
         Constrict         |    13 |    32 |    25 ||    70
         Punch             |     3 |     9 |     7 ||    19
  Throw: Stone             |     1 |     9 |    20 ||    30
         Dart              |       |       |    11 ||    11
    Use: Scroll            |       |     7 |     6 ||    13
         Potion            |       |       |     5 ||     5
   Stab: Sleeping          |     7 |    14 |     9 ||    30
         Distracted        |       |     2 |     1 ||     3
 Armour: Skin              |    28 |    36 |    70 ||   134
  Dodge: Dodged            |    35 |    46 |    76 ||   157

Table legend: (Time is in decaauts)
 A = Elapsed time spent in this place.
 B = Non-inter-level travel time spent in this place.
 C = Inter-level travel time spent in this place.
 D = Time resting spent in this place.
 E = Time spent auto-exploring this place.
 F = Levels seen in this place.
 G = Mean time per level.
                   A        B        C        D        E       F      G
               +--------+--------+--------+--------+--------+-----+--------+
         Total |   7966 |   7743 |    223 |   1272 |   3566 |  10 |  796.6 |
       Dungeon |   7843 |   7620 |    223 |   1151 |   3566 |   9 |  871.4 |
        Temple |    122 |    122 |      0 |    121 |      0 |   1 |  122.0 |
               +--------+--------+--------+--------+--------+-----+--------+

Top non-repeatable levels by time:
     D:8: 1366 daAuts
     D:6: 1275 daAuts
     D:7: 1252 daAuts
     D:3: 1078 daAuts
     D:1: 948 daAuts
     D:4: 705 daAuts
     D:2: 699 daAuts
     D:9: 277 daAuts
     D:5: 241 daAuts
  Temple: 122 daAuts
